 Dungeon Crawl Stone Soup version 0.22-a0-558-gc224181 (webtiles) character file.

7795 pk666 the Thaumaturge (level 11, -6/54 HPs)
             Began as a Deep Elf Fire Elementalist on June 27, 2018.
             Was a Believer of Vehumet.
             Mangled by a yak (15 damage)
             ... on level 9 of the Dungeon.
             The game lasted 00:24:27 (9968 turns).

pk666 the Thaumaturge (Deep Elf Fire Elementalist)  Turns: 9968, Time: 00:24:27

Health: -6/54      AC:  3    Str:  5    XL:     11   Next: 1%
Magic:  27/38      EV: 13    Int: 24    God:    Vehumet [**....]
Gold:   509        SH:  0    Dex: 15    Spells: 26/35 levels left

rFire    + . .     SeeInvis .   I - +8 spear "Xerenlew" {flame, +Fly}
rCold    x . .     Gourm    .   (no shield)
rNeg     . . .     Faith    .   a - +0 robe
rPois    .         Spirit   .   B - +0 hat {MR+}
rElec    .         Reflect  .   (no cloak)
rCorr    .         Harm     .   (no gloves)
MR       ++...                  l - +0 pair of boots
Stlth    ++........             (no amulet)
HPRegen  0.18/turn              q - ring of fire
MPRegen  0.26/turn              A - ring of magical power

@: no status effects
A: no striking features
a: Renounce Religion, Evoke Flight


You were on level 9 of the Dungeon.
You worshipped Vehumet.
Vehumet was pleased with you.
You were not hungry.

You visited 2 branches of the dungeon, and saw 10 of its levels.

You collected 509 gold pieces.

Inventory:

Hand Weapons
 I - the +8 spear "Xerenlew" (weapon) {flame, +Fly}
   (You found it on level 8 of the Dungeon)

   It has been specially enchanted to burn those struck by it, causing extra
   injury to most foes and up to half again as much damage against particularly
   susceptible opponents.
   It lets you fly.
Armour
 a - a +0 robe (worn)
 l - a +0 pair of boots (worn)
 B - a +0 hat of magic resistance (worn)
Jewellery
 q - a ring of fire (left hand)
 t - a +3 ring of protection
 v - an uncursed ring of ice
 z - an uncursed ring of poison resistance {unknown}
 A - a ring of magical power (right hand)
 G - an uncursed ring of ice
Wands
 r - a wand of paralysis (19)
 w - a wand of enslavement (15)
 y - a wand of clouds (17)
 E - a wand of acid (10)
Scrolls
 b - 12 scrolls of identify
 d - 4 scrolls of remove curse
 e - 3 scrolls of blinking {unknown}
 f - 2 scrolls of amnesia {unknown}
 g - a scroll of fog {unknown}
 i - a scroll of noise {unknown}
 o - a scroll of immolation {unknown}
 p - 5 scrolls of teleportation {unknown}
 u - 2 scrolls of fear {unknown}
 x - 2 scrolls of enchant armour {unknown}
 D - a scroll of enchant weapon {unknown}
 H - a scroll of magic mapping {unknown}
Potions
 h - 2 potions of degeneration {unknown}
 j - 3 potions of flight
 k - 2 potions of mutation {unknown}
 m - 5 potions of curing
 n - 6 potions of heal wounds {unknown}
 s - 3 potions of brilliance {unknown}
 C - a potion of lignification {unknown}
 F - a potion of ambrosia {unknown}
 J - a potion of resistance {unknown}
Comestibles
 c - 25 rations


   Skills:
 - Level 2.4 Dodging
 - Level 2.4 Stealth
 + Level 12.5 Spellcasting
 + Level 11.2 Conjurations
 + Level 10.9 Fire Magic


You had 26 spell levels left.
You knew the following spells:

 Your Spells              Type           Power        Failure   Level  Hunger
a - Flame Tongue          Conj/Fire      #####        1%          1    None
c - Conjure Flame         Conj/Fire      #######.     1%          3    None
z - Fireball              Conj/Fire      #######...   1%          5    ###....

Your spell library contained the following spells:

 Spells                   Type           Power        Failure   Level  Hunger
 Apportation              Tloc           ###...       4%          1    None
 Throw Flame              Conj/Fire      ######       1%          2    None
 Summon Small Mammal      Summ           ###.         4%          1    None
 Animate Skeleton         Necr           N/A          4%          1    None
 Sticky Flame             Conj/Fire      #######.     1%          4    None
 Confusing Touch          Hex            ###...       4%          1    None
 Inner Flame              Hex/Fire       ######..     1%          3    None


Dungeon Overview and Level Annotations

Branches:
Dungeon (9/15)             Temple (1/1) D:5             Orc (0/2) D:9
   Lair: D:8-11

Altars:
Ashenzari
Cheibriados
Dithmenos
Elyvilon
Fedhas
Gozag
Hepliaklqana
Kikubaaqudgha
Makhleb
Nemelex Xobeh
Okawaru
Qazlal
Ru
Sif Muna
Trog
Uskayaw
Vehumet
Wu Jian
Xom
Yredelemnul
Zin
The Shining One

Annotations:
D:5 exclusion: centaur


Message History

The yak gores you!
Casting: Flame Tongue (safe; 1% risk of failure)
Confirm with . or Enter, or press ? or * to list all spells.
Aiming: Flame Tongue (safe; 1% risk of failure)
Press: ? - help, Shift-Dir - straight line, f/p - yak
Aim: a yak (almost dead)
You feel a surge of power!
The flame tongue hits the yak.
The yak is almost dead.
The yak gores you!
* * * LOW HITPOINT WARNING * * *
Casting: Flame Tongue (safe; 1% risk of failure)
Confirm with . or Enter, or press ? or * to list all spells.
Aiming: Flame Tongue (safe; 1% risk of failure)
Press: ? - help, Shift-Dir - straight line, f/p - yak
Aim: a yak (almost dead)
You feel a surge of power!
The flame tongue hits the yak.
The yak appears unharmed.
The yak is almost dead.
The yak gores you!
You die...

# #........Y..
#......o.. #
#. #... .o. .
#.# #Y##.# ..
.. #))..# :..
#.
##.#########
#... #.##
#......o....
#....#..###
##.....Y#####
#......W§@#
#.[))..o.....
...##.#Y#
#.#.########.
#...# #.#.# #.
##..# #.#.# #.
#..# #.#.# #.
##§# #.#(# #.
#####.## #.#s#
#Y
#......###.#.#
#.
#..........#.#
#.


You could see a yak and a hungry ghost.

Vanquished Creatures
  Gastronok (D:8)
  2 two-headed ogres
  Grinder (D:6)
  3 hogs (D:7)
  5 yaks
  A human (D:7)
  Menkaure (D:6)
  A warg (D:8)
  An orc warrior (D:9)
  An ice beast (D:9)
  2 sky beasts
  A black bear (D:8)
  A phantom (D:5)
  2 ogres
  2 centaurs
  2 big kobolds (D:7)
  8 bullfrogs
  3 scorpions
  A water moccasin skeleton (D:8)
  5 howler monkeys
  10 wights
  An electric eel (D:6)
  2 bullfrog zombies
  2 centaur zombies
  2 jellies
  5 hounds
  2 orc priests (D:9)
  3 bullfrog skeletons
  3 orc wizards
  2 iguanas
  7 worker ants
  A hound zombie (D:6)
  2 worker ant zombies
  7 gnolls
  9 adders
  3 shadow imps
  2 oozes
  2 adder skeletons
  3 worms
  6 dart slugs
  5 leopard geckos
  16 orcs
  7 bats
  5 giant cockroaches
  2 goblins
  5 hobgoblins
  4 jackals (D:4)
  15 kobolds
  3 quokkas
  3 ball pythons
  5 frilled lizards
  A quokka skeleton (D:7)
  7 rats
196 creatures vanquished.

Notes
Turn   | Place    | Note
-------+----------+-------------------------------------------
     0 | D:1      | pk666 the Deep Elf Fire Elementalist began the quest for the Orb.
     0 | D:1      | Reached XP level 1. HP: 10/10 MP: 6/6
   339 | D:1      | Reached XP level 2. HP: 15/15 MP: 5/8
  1091 | D:2      | Reached XP level 3. HP: 19/19 MP: 6/10
  1700 | D:2      | Reached XP level 4. HP: 24/24 MP: 9/11
  1705 | D:2      | Learned a level 3 spell: Conjure Flame
  1916 | D:3      | Reached skill level 4 in Spellcasting
  1991 | D:3      | Reached XP level 5. HP: 10/28 MP: 7/13
  2460 | D:3      | Found a faded altar of an unknown god.
  2876 | D:4      | Reached skill level 5 in Spellcasting
  2876 | D:4      | Reached XP level 6. HP: 27/32 MP: 12/15
  2953 | D:4      | Reached skill level 5 in Conjurations
  3210 | D:4      | Reached skill level 5 in Fire Magic
  3497 | D:4      | Learned a level 5 spell: Fireball
  3557 | D:4      | Reached XP level 7. HP: 36/36 MP: 10/17
  3777 | D:5      | Entered Level 5 of the Dungeon
  3911 | D:5      | Reached skill level 6 in Spellcasting
  4458 | D:5      | Reached skill level 7 in Spellcasting
  4458 | D:5      | Reached XP level 8. HP: 41/41 MP: 12/20
  4807 | D:5      | Found a staircase to the Ecumenical Temple.
  4816 | Temple   | Entered the Ecumenical Temple
  4823 | Temple   | Became a worshipper of Vehumet
  5521 | D:6      | Noticed Grinder
  5548 | D:6      | Killed Grinder
  5548 | D:6      | Reached skill level 8 in Spellcasting
  5611 | D:6      | Noticed Menkaure
  5613 | D:6      | Killed Menkaure
  5871 | D:6      | Reached XP level 9. HP: 44/45 MP: 19/23
  5900 | D:6      | Reached skill level 9 in Spellcasting
  5977 | D:6      | Reached * piety under Vehumet
  5977 | D:6      | Offered knowledge of Shock by Vehumet.
  6757 | D:7      | Reached skill level 10 in Spellcasting
  7786 | D:8      | Noticed Gastronok
  7837 | D:8      | Killed Gastronok
  7837 | D:8      | Reached skill level 11 in Spellcasting
  7837 | D:8      | Reached skill level 10 in Conjurations
  7837 | D:8      | Reached XP level 10. HP: 29/50 MP: 1/27
  8021 | D:8      | Identified the +6 war axe "Nahintef" {chop, rN+ MR+} (You found it on level 8 of the Dungeon)
  8136 | D:8      | Noticed a two-headed ogre
  8154 | D:8      | Killed a two-headed ogre
  8154 | D:8      | Reached skill level 10 in Fire Magic
  8370 | D:8      | Found a glowing silver altar of Zin.
  8441 | D:8      | Found an ancient bone altar of Kikubaaqudgha.
  8455 | D:8      | Found a blossoming altar of Fedhas.
  8709 | D:8      | Found a glowing golden altar of the Shining One.
  8897 | D:8      | Identified the +8 spear "Xerenlew" {flame, +Fly} (You found it on level 8 of the Dungeon)
  9029 | D:9      | Reached ** piety under Vehumet
  9029 | D:9      | Offered knowledge of Searing Ray by Vehumet.
  9160 | D:9      | Noticed a two-headed ogre
  9544 | D:9      | Reached skill level 12 in Spellcasting
  9627 | D:9      | Found a staircase to the Orcish Mines.
  9646 | D:9      | Killed a two-headed ogre
  9814 | D:9      | Reached XP level 11. HP: 54/54 MP: 10/29
  9968 | D:9      | Mangled by a yak

Vault maps used:
D:1:      lemuel_arrival_broad_hall, minmay_crystal_room, minmay_tetromino_t4
D:3:      chequers_ecumenical_altar_simple
D:4:      first_ration, grunt_ministairs_15
D:5:      lemuel_temple_firewalk_b
D:6:      kennysheep_slugbush, enter_ossuary_2, uniq_menkaure, uniq_grinder
D:7:      grunt_livestock
D:8:      nicolae_overflow_quartered_altars, uniq_gastronok
D:9:      david_orc_3, minivault_5
Temple:   nicolae_temple_no_exploring_needed

Skill      XL: |  1  2  3  4  5  6  7  8  9 10 |
---------------+-------------------------------+-----
Conjurations   | 2 3 4 5 6 8 10 11 | 11.2
Spellcasting   | 4 5 7 8 11 12 | 12.5
Fire Magic     | 4 5 6 7 9 10 | 10.9
Dodging        | |  2.4
Stealth        | |  2.4

Action                   |  1- 3 |  4- 6 |  7- 9 | 10-12 || total
-------------------------+-------+-------+-------+-------++-------
Melee: Unarmed           |     1 |       |     4 |       ||     5
       Spear             |       |       |       |     4 ||     4
 Cast: Flame Tongue      |    52 |   106 |   260 |    95 ||   513
       Conjure Flame     |       |     2 |    24 |    17 ||    43
       Fireball          |       |       |    10 |    12 ||    22
  Use: Scroll            |       |       |     2 |     2 ||     4
  Eat: Chunk             |     2 |     6 |     8 |     7 ||    23
       Ration            |       |       |     2 |       ||     2
Armor: Robe              |     4 |     5 |     5 |     1 ||    15
Dodge: Dodged            |    16 |    26 |    35 |    10 ||    87

Table legend:
 A = Spawn XP
 B = Non-spawn XP
 C = Spawn XP percentage of total XP
 D = Spawn monster count
 E = Non-spawn monster count
 F = Spawn count percentage of total count
 G = Total turns spent on level
                    A         B        C        D         E        F      G
               +---------+---------+-------+---------+---------+-------+---------
         Total |       0 |   11136 |   0.0 |       0 |     196 |   0.0 |  9968
               +---------+---------+-------+---------+---------+-------+---------
           D:1 |       0 |      30 |   0.0 |       0 |      18 |   0.0 |   994
           D:2 |       0 |      69 |   0.0 |       0 |      16 |   0.0 |   969
           D:3 |       0 |     278 |   0.0 |       0 |      28 |   0.0 |   891
           D:4 |       0 |     379 |   0.0 |       0 |      21 |   0.0 |   923
           D:5 |       0 |     763 |   0.0 |       0 |      16 |   0.0 |  1143
           D:6 |       0 |    1442 |   0.0 |       0 |      31 |   0.0 |  1377
           D:7 |       0 |    1808 |   0.0 |       0 |      24 |   0.0 |  1371
           D:8 |       0 |    3593 |   0.0 |       0 |      18 |   0.0 |  1450
           D:9 |       0 |    2774 |   0.0 |       0 |      24 |   0.0 |   835
               +---------+---------+-------+---------+---------+-------+---------
